Map: [ESL] Alcyone

Players

Bunny - Winner!

  • Race: Terran Terran
  • Spawn Location: 7:00

Stats

  • Race: Protoss Protoss
  • Spawn Location: 1:00

Event: IEM Katowice 2024

VOD

Have the link to the VOD?

Description

Time

  • Played on: Feb. 9, 2024, 6:22 a.m.
  • Length: 10:52

All games in this series

Show
View Real Time Build Order
Export as new Build Order

Bunny Terran - Winner!

Build Orders: Reaper Expand 

Get SALT Encoding   

  12  0:00  SCV  
  13  0:12  SCV  
  14  0:17  Supply Depot  
  14  0:24  SCV  
  15  0:38  SCV  
  15  0:41  Barracks  
  15  0:42  Refinery  
  16  0:50  SCV  
  17  1:02  SCV  
  18  1:14  SCV  
  19  1:28  Orbital Command, Reaper  
  20  1:46  Command Center  
  20  1:53  Supply Depot  
  20  1:54  SCV  
  21  2:00  Barracks Reactor  
  21  2:06  SCV  
  22  2:18  SCV  
  22  2:20  Command Center  
  23  2:30  SCV  
  23  2:36  Marine x2  
  26  2:42  SCV  
  26  2:43  Factory  
  27  2:54  SCV, Marine x2  
  27  2:58  Orbital Command  
  30  3:03  Barracks  
  30  3:10  SCV  
  30  3:12  Marine x2  
  33  3:22  SCV  
  33  3:23  SCV  
  33  3:26  Cyclone  
  37  3:30  Bunker  
  37  3:33  Orbital Command  
  36  3:34  SCV  
  36  3:35  SCV  
  36  3:36  Marine  
  36  3:38  Marine  
  40  3:46  SCV  
  40  3:47  SCV  
  42  3:51  Barracks Tech Lab  
  42  3:58  SCV, Marine x2  
  42  3:59  SCV  
  44  4:05  SCV  
  44  4:10  SCV  
  44  4:11  Stimpack, Factory Tech Lab, SCV  
  44  4:12  Marine  
  44  4:13  Barracks  
  47  4:17  SCV  
  47  4:19  Marine x2, Refinery  
  47  4:20  Refinery  
  47  4:23  Supply Depot, SCV x2  
  52  4:28  Engineering Bay  
  52  4:30  Marine  
  53  4:33  SCV  
  53  4:35  SCV x2  
  53  4:37  Marine x2  
  58  4:41  Supply Depot  
  58  4:43  Siege Tank  
  61  4:46  SCV  
  61  4:47  SCV  
  61  4:48  SCV, Refinery  
  61  4:49  Supply Depot  
  61  4:52  Marine  
  65  4:55  Marine  
  65  4:57  Starport  
  67  5:00  SCV x3  
  67  5:04  Supply Depot  
  67  5:06  Barracks Tech Lab  
  69  5:12  SCV x3  
  72  5:14  Terran Infantry Weapons Level 1  
  72  5:19  Barracks  
  72  5:20  Barracks  
  72  5:23  Marine x2  
  72  5:24  Marine x2  
  72  5:27  Factory Reactor  
  72  5:28  Combat Shield  
  76  5:34  Orbital Command  
  76  5:35  Supply Depot x2  
  76  5:36  Missile Turret  
  76  5:38  SCV x2  
  76  5:39  Medivac  
  82  5:42  Marauder  
  82  5:45  Marauder  
  82  5:47  Marine x2  
  86  5:51  SCV x2  
  86  5:55  Concussive Shells  
  88  5:59  SCV  
  88  6:02  Supply Depot x2  
  88  6:03  SCV x2  
  88  6:04  Marauder  
  93  6:05  Marine x2  
  93  6:07  Marauder  
  93  6:08  Barracks Reactor  
  93  6:11  Marauder  
  99  6:14  Factory Reactor, SCV  
  99  6:15  SCV x2  
  102  6:19  Medivac  
  102  6:20  Medivac  
  102  6:23  Supply Depot  
  106  6:28  Supply Depot x2  
  106  6:30  Marauder  
  108  6:36  Marauder  
  108  6:37  Marine x2  
  112  6:40  SCV x3  
  112  6:41  Refinery  
  112  6:43  Refinery  
  115  6:48  Supply Depot  
  115  6:49  Medivac  
  115  6:50  Medivac  
  119  6:56  Widow Mine x2  
  119  6:57  SCV x3  
  126  7:02  Marauder x3  
  132  7:08  Terran Infantry Armor Level 1  
  132  7:09  Marine x4  
  132  7:10  Supply Depot  
  132  7:14  Supply Depot  
  136  7:18  Armory, Engineering Bay  
  136  7:23  Marauder x3  
  139  7:30  Marine x2  
  139  7:31  Marine x2  
  139  7:33  Medivac x2  
  141  7:37  SCV x3  
  141  7:40  Widow Mine x2  
  141  7:41  Missile Turret  
  148  7:49  Supply Depot, Ghost Academy  
  147  7:54  Marauder  
  147  7:55  Marauder x2  
  147  7:56  Marine x4  
  157  8:03  Viking x2  
  157  8:05  Terran Infantry Weapons Level 2  
  160  8:12  Command Center  
  155  8:17  Ghost  
  155  8:18  Ghost  
  149  8:22  Ghost  
  149  8:23  Marine x2  
  149  8:24  Marine  
  150  8:29  Terran Ship Weapons Level 1  
  150  8:34  SCV x2  
  150  8:35  SCV  
  150  8:39  Viking x2  
  157  8:42  Marine x3  
  157  8:47  Widow Mine  
  157  8:48  Widow Mine  
  164  8:56  Ghost x2  
  164  9:06  Ghost  
  164  9:07  Marine x4  
  166  9:15  Barracks x2  
  166  9:16  Barracks, Command Center  
  166  9:19  Sensor Tower  
  166  9:20  Medivac  
  168  9:24  Marine x2  
  168  9:25  Marine x2  
  172  9:31  Widow Mine x2  
  172  9:33  Marine x2  
  174  9:42  Ghost  
  174  9:44  Marine x2  
  174  9:45  Marine  
  179  9:48  SCV x3  
  179  9:52  Marauder  
  180  9:54  Marine x2  
  180  9:59  Viking x2  
  180  10:00  SCV x3  
  180  10:01  Planetary Fortress  
  180  10:02  Marine  
  180  10:03  Marauder  
  186  10:11  Marauder  
  182  10:16  Ghost  
  182  10:17  Barracks Tech Lab  
  182  10:18  Marine  
  182  10:19  Marine x2  
  187  10:28  Marine x3  
Show
View Real Time Build Order
Export as new Build Order

Stats Protoss 

Build Orders: 1 Gate Expand, Blink Stalkers, Colossus Rush 

Get SALT Encoding   

  12  0:00  Probe  
  13  0:12  Probe  
  14  0:17  Pylon  
  14  0:24  Probe (Chrono Boost)  
  15  0:36  Gateway, Probe (Chrono Boost)  
  16  0:44  Probe (Chrono Boost)  
  16  0:46  Assimilator  
  17  0:50  Probe  
  18  1:03  Probe  
  19  1:15  Probe  
  20  1:24  Cybernetics Core  
  20  1:32  Nexus  
  20  1:34  Probe  
  21  1:42  Pylon  
  21  1:47  Assimilator  
  21  1:49  Probe  
  22  1:57  Adept (Chrono Boost)  
  24  2:01  Warp Gate, Probe  
  25  2:13  Probe  
  26  2:17  Stalker (Chrono Boost)  
  28  2:25  Probe  
  29  2:33  Twilight Council  
  29  2:38  Probe (Chrono Boost)  
  29  2:43  Stalker  
  32  2:48  Probe (Chrono Boost)  
  34  2:55  Probe (Chrono Boost)  
  34  2:57  Probe (Chrono Boost)  
  35  3:02  Probe x2 (Chrono Boost)  
  35  3:05  Blink (Chrono Boost)  
  37  3:13  Gateway  
  37  3:14  Probe x2  
  39  3:26  Probe x2, Pylon  
  41  3:35  Robotics Facility  
  41  3:38  Probe  
  41  3:39  Probe  
  43  3:48  Nexus  
  43  3:51  Probe  
  43  3:53  Probe  
  45  4:06  Probe x2  
  45  4:10  Stalker x2  
  45  4:12  Pylon  
  47  4:17  Assimilator  
  47  4:18  Probe x2  
  47  4:20  Assimilator  
  47  4:21  Forge  
  47  4:23  Observer  
  50  4:30  Pylon, Probe x2  
  52  4:33  Robotics Bay  
  52  4:42  Probe x2  
  52  4:44  Stalker x2  
  58  4:50  Gateway  
  58  4:52  Protoss Ground Weapons Level 1 (Chrono Boost)  
  58  4:54  Probe x2  
  60  5:00  Gateway  
  60  5:04  Probe  
  60  5:06  Probe x2  
  63  5:08  Shield Battery  
  63  5:10  Observer  
  63  5:15  Pylon  
  63  5:16  Probe  
  63  5:18  Probe  
  63  5:20  Colossus (Chrono Boost)  
  71  5:28  Extended Thermal Lance  
  71  5:32  Probe  
  71  5:33  Probe x2  
  73  5:36  Charge  
  73  5:39  Gateway  
  73  5:42  Gateway  
  73  5:47  Pylon  
  73  5:49  Probe x3  
  76  5:54  Colossus (Chrono Boost)  
  76  5:55  Pylon  
  76  6:04  Shield Battery  
  82  6:05  Sentry  
  82  6:10  Stalker  
  86  6:13  Zealot x2  
  90  6:18  Photon Cannon  
  90  6:20  Pylon  
  90  6:31  Probe x3  
  90  6:32  Photon Cannon x2  
  93  6:35  Observer  
  93  6:37  Templar Archives  
  93  6:38  Gateway  
  94  6:40  Gateway  
  94  6:45  Stalker  
  94  6:46  Zealot x3  
  102  6:50  Zealot x2  
  102  6:51  Protoss Ground Weapons Level 2 (Chrono Boost)  
  106  7:00  Observer (Chrono Boost)  
  107  7:04  Assimilator  
  107  7:05  Assimilator  
  107  7:13  Pylon x2  
  107  7:16  Zealot x5  
  107  7:18  Pylon  
  107  7:19  Psionic Storm  
  107  7:20  Pylon  
  115  7:30  Probe x2  
  115  7:31  Probe  
  115  7:36  Stalker x2  
  122  7:40  Photon Cannon  
  122  7:44  Stalker  
  124  7:45  Zealot x3  
  124  7:46  Warp Prism (Chrono Boost)  
  132  7:54  Probe x2  
  132  7:55  Probe  
  135  8:00  Pylon  
  135  8:08  Nexus  
  135  8:09  Zealot x2  
  139  8:13  Zealot  
  121  8:22  Photon Cannon  
  121  8:25  Probe x3  
  124  8:28  High Templar x2  
  124  8:29  High Templar x2  
  124  8:31  Zealot x3  
  138  8:34  Archon  
  138  8:42  Shield Battery  
  138  8:43  Shield Battery  
  138  8:45  Photon Cannon  
  138  8:47  Gravitic Drive, Pylon  
  138  8:51  Probe x3  
  138  8:53  Pylon  
  139  9:03  Probe x3  
  139  9:07  Assimilator  
  138  9:12  High Templar x2, Assimilator  
  138  9:13  High Templar  
  138  9:14  High Templar, Zealot x3  
  138  9:15  Probe x3  
  155  9:20  Probe  
  156  9:27  Stargate, Probe x3  
  159  9:32  Stalker  
  159  9:35  Stalker x3  
  160  9:45  Stalker  
  160  9:46  Stalker x2  
  160  9:48  Probe x3  
  160  9:49  Probe  
  160  9:52  Zealot  
  163  10:04  Probe x2  
  163  10:05  Probe  
  166  10:11  Archon  
  166  10:13  Stalker x4  
  155  10:14  Zealot  
  155  10:15  Zealot x2  
  153  10:23  Archon  
  117  10:29  Archon  
  117  10:30  Zealot  
  119  10:35  Zealot  
  119  10:36  Zealot x4  
  119  10:37  Gateway  
  119  10:38  Gateway  
  119  10:39  Zealot  
  119  10:42  Gateway  
  117  10:44  Gateway  

Tags
 
Add a new tag
Caveats
  • Supply blocks, unpowered buildings, or Contaminate may cause inaccurate times.
  • Supply counts are checked every 10 seconds.